 Dungeon Crawl Stone Soup version 0.24.0-29-g8ce449bc06 (webtiles) character file.

Game seed: 7074477262495078411, levelgen mode: deterministic

273 Descartes the Scratcher (level 6, -6/22 HPs)
             Began as a Felid Transmuter on Nov 15, 2019.
             Shot with an arrow by a centaur (9 damage)
             ... on level 5 of the Dungeon.
             The game lasted 00:09:13 (5136 turns).

Descartes the Scratcher (Felid Transmuter)          Turns: 5136, Time: 00:09:14

Health: -6/22      AC:  4    Str:  8    XL:     6   Next: 3%
Magic:  10/10      EV: 20    Int: 15    God:
Gold:   248        SH:  0    Dex: 16    Spells: 8/9 levels left
                                        Lives:  0   Deaths: 1

rFire    . . .     SeeInvis +     - Unarmed
rCold    + . .     Gourm    .   (shield unavailable)
rNeg     . . .     Faith    .   (armour unavailable)
rPois    .         Spirit   .   (helmet unavailable)
rElec    .         Reflect  .   (cloak unavailable)
rCorr    .         Harm     .   (gloves unavailable)
MR       +....                  (boots unavailable)
Stlth    +++.......             (no amulet)
HPRegen  0.07/turn              g - ring of protection from cold
MPRegen  0.12/turn              (no ring)

@: quick
A: very small, no armour, no weapons or thrown items, stealth, claws 1, fangs 3,
horns 1, thin metallic scales 1, see invisible, carnivore, speed 1, frail 1,
magic resistance 1, shaggy fur 2, slow metabolism 1, sharp paws
a: no special abilities


You were on level 5 of the Dungeon.
You were completely stuffed.

You visited 2 branches of the dungeon, and saw 6 of its levels.

You collected 248 gold pieces.

Inventory:

Missiles
 a - 33 arrows
Jewellery
 g - a ring of protection from cold (left paw)
Scrolls
 d - 4 scrolls of teleportation
 e - a scroll of fog {unknown}
 f - a scroll of enchant armour {unknown}
 h - a scroll of noise {unknown}
 i - 2 scrolls of blinking {unknown}
 l - 2 scrolls of fear {unknown}
 m - a scroll of remove curse {unknown}
 n - a scroll of amnesia {unknown}
Potions
 b - a potion of cancellation
 j - a potion of ambrosia
 o - a potion of heal wounds
 p - a potion of might
 r - a potion of magic
Comestibles
 c - 12 rations


   Skills:
 - Level 1.0 Fighting
 + Level 4.8 Dodging
 + Level 4.2 Stealth
 * Level 5.4 Unarmed Combat
 - Level 2.0 Spellcasting
 - Level 2.1 Transmutations


You had 8 spell levels left.
You knew the following spells:

 Your Spells              Type           Power        Failure   Level  Hunger
a - Beastly Appendage     Tmut           #.....       9%          1    #......

Your spell library contained the following spells:

 Spells                   Type           Power        Failure   Level  Hunger
 Sticks to Snakes         Tmut           #.......     14%         2    ###....
 Spider Form              Tmut/Pois      #.........   38%         3    ###....
 Ice Form                 Ice/Tmut       #.......     80%         4    #####..
 Blade Hands              Tmut           #.........   94%         5    ######.


Dungeon Overview and Level Annotations

Branches:
Dungeon (5/15)             Temple (1/1) D:4

Altars:
Ashenzari
Cheibriados
Dithmenos
Elyvilon
Fedhas
Gozag
Hepliaklqana
Kikubaaqudgha
Makhleb
Nemelex Xobeh
Okawaru
Qazlal
Ru
Sif Muna
Trog
Uskayaw
Vehumet
Wu Jian
Xom
Yredelemnul
Zin
The Shining One

Shops:
D:4 :


Innate Abilities, Weirdness & Mutations

You cannot wear armour.
You are incapable of wielding weapons or throwing items.
Your paws allow you to move quietly. (Stealth)
You have sharp claws.
You have razor-sharp teeth.
You have supernaturally acute eyesight. (SInv)
You are carnivorous and can eat meat at any time.
You cover ground quickly.
You are covered in thick fur. (AC +2)
You have a slow metabolism.
Your sharp claws are effective at attacking unaware monsters.
You have a pair of small horns on your head.
You are partially covered in thin metallic scales. (AC +2)
You are frail. (-10% HP)
You are resistant to hostile enchantments. (MR+)


Message History

Your fur grows into a thick mane.
You see here a scorpion corpse.
The scorpion corpse isn't edible.
Done exploring.
Done exploring.
There is a stone staircase leading down here.
You climb downwards.
A worker ant and a centaur come into view.
Found a stone staircase leading up.
There is a stone staircase leading up here.
A worker ant comes into view.
The centaur shouts!
The worker ant twitches its antennae in your direction.
The centaur wields a +0 shortbow.
The centaur shoots an arrow.
The arrow hits you!!
Ouch! That really hurt!
* * * LOW HITPOINT WARNING * * *
You see here an arrow.
The centaur shoots an arrow.
The arrow hits you!
You die...

#....###.##
##.....#...#
....c.....#
##.........#
#..........
#.a<.....#
###.......#
.......(.##
#####...@.#
#....#.#
#.#.## ..
#.#.# .#
....# #
a..### ####


You could see a centaur and a worker ant.

Vanquished Creatures
  A scorpion (D:4)
  A worker ant (D:4)
  An iguana (D:4)
  A hound skeleton (D:4)
  10 adders
  2 oozes
  An adder skeleton (D:4)
  5 worms
  A dart slug (D:1)
  3 leopard geckos
  6 orcs
  3 giant cockroaches
  11 goblins
  7 hobgoblins
  4 jackals (D:4)
  10 kobolds
  A quokka (D:2)
  A ball python (D:3)
  10 bats
  6 frilled lizards
  8 rats
93 creatures vanquished.

Notes
Turn   | Place    | Note
-------+----------+-------------------------------------------
     0 | D:1      | Descartes the Felid Transmuter began the quest for the Orb.
     0 | D:1      | Reached XP level 1. HP: 9/9 MP: 4/4
   474 | D:1      | Reached skill level 1 in Stealth
   476 | D:1      | Reached XP level 2. HP: 11/12 MP: 6/6
  1034 | D:1      | Reached XP level 3. HP: 15/15 MP: 7/7
  1842 | D:2      | Reached skill level 4 in Unarmed Combat
  1901 | D:2      | Reached XP level 4. HP: 13/19 MP: 8/8
  2005 | D:2      | Gained mutation: Your body sometimes deteriorates upon
                  | taking damage. [potion of mutation]
  2005 | D:2      | Gained mutation: You are partially covered in large bone
                  | plates. (SH +4) [potion of mutation]
  2006 | D:2      | Lost mutation: Your body sometimes deteriorates upon taking
                  | damage. [potion of mutation]
  2006 | D:2      | Lost mutation: You are partially covered in large bone
                  | plates. (SH +4) [potion of mutation]
  2006 | D:2      | Gained mutation: You have a pair of small horns on your
                  | head. [potion of mutation]
  2006 | D:2      | Gained mutation: You are partially covered in thin metallic
                  | scales. (AC +2) [potion of mutation]
  2006 | D:2      | Gained mutation: You are frail. (-10% HP) [potion of
                  | mutation]
  2006 | D:2      | Gained mutation: You are resistant to hostile enchantments.
                  | (MR+) [potion of mutation]
  2239 | D:2      | Slain by a hobgoblin
  2240 | D:2      | Reached XP level 3. HP: 0/13 MP: 7/7
  2645 | D:3      | Reached XP level 4. HP: 17/17 MP: 8/8
  3630 | D:3      | Found a hazy altar of Hepliaklqana.
  3706 | D:4      | Reached XP level 5. HP: 16/19 MP: 9/9
  4082 | D:4      | Reached skill level 5 in Unarmed Combat
  4640 | D:4      | Found Huli's Book Emporium.
  4667 | D:4      | Found a staircase to the Ecumenical Temple.
  4755 | Temple   | Entered the Ecumenical Temple
  5075 | D:4      | Gained mutation: You are covered in thick fur. (AC +2)
                  | [Felid growth]
  5075 | D:4      | Reached XP level 6. HP: 22/22 MP: 10/10
  5134 | D:5      | Entered Level 5 of the Dungeon
  5136 | D:5      | Shot with an arrow by a centaur

Levels and vault maps discovered:
D:1:      dpeg_arrival_snail, layout_basic, minmay_misc_feat_iff, st_stairs_5,
          hangedman_decor_slide_cut, wander_ebering_terrifying_dragon_lair
D:2:      layout_basic, minmay_split_cup_large
D:3:      layout_basic, marbit_many_paths, serial_glass, glass_columns_b,
          glass_columns_a, feat_on_display, minmay_strange_pillars
D:4:      layout_loops_ring, minmay_temple_entry_junction, serial_shops,
          nicolae_shop_window_shopping
D:5:      layout_loops_ring, first_ration, uniq_prince_ribbit1
Temple:   minmay_crystal_snake_temple

Skill      XL: |  1  2  3  4  5 |
---------------+----------------+-----
Dodging        | 3 4 |  4.8
Stealth        | 1 2 3 4 |  4.2
Unarmed Combat | 4 5 |  5.4
Fighting       | |  1.0
Spellcasting   | |  2.0
Transmutations | |  2.1

Action                   |  1- 3 |  4- 6 || total
-------------------------+-------+-------++-------
Melee: Unarmed           |   143 |   148 ||   291
       Bite              |    14 |    10 ||    24
       Headbutt          |     1 |    26 ||    27
       Punch             |     1 |     4 ||     5
  Use: Scroll            |       |     9 ||     9
       Potion            |       |     3 ||     3
 Stab: Sleeping          |    11 |     9 ||    20
  Eat: Chunk             |    15 |     6 ||    21
Armor: Skin              |     2 |    22 ||    24
Dodge: Dodged            |   110 |   124 ||   234
